 Dungeon Crawl Stone Soup version bcrawl-1.14 (webtiles) character file.

Game seed: 17725951501262475427

659 MisterOstroum the Skirmisher (level 7, 0/64 HPs)
             Began as a Troll Chaos Knight on Sept 6, 2019.
             Slain by a hellwing (4 damage)
             ... summoned by Xom
             ... on level 4 of the Dungeon.
             The game lasted 00:05:27 (3034 turns).

MisterOstroum the Skirmisher (Troll Chaos Knight)   Turns: 3034, Time: 00:05:28

Health: 0/64       AC:  8    Str: 20    XL:     7   Next: 30%
Magic:  6/6        EV: 10    Int:  9    God:
Gold:   252        SH:  0    Dex: 10    Spells: 6/6 levels left

rFire    . . .     SeeInvis .     - Unarmed
rCold    . . .     Gourm    +   (no shield)
rNeg     . . .     Faith    .   (armour unavailable)
rPois    .         Spirit   .   n - +1 hat
rElec    .         Reflect  .   (no cloak)
rCorr    .         Harm     .   (gloves unavailable)
MR       .....                  (boots unavailable)
Stlth    +.........             (no amulet)
HPRegen  0.60/turn              (no ring)
MPRegen  0.10/turn              (no ring)

@: no status effects
A: large, almost no armour, unfitting armour, claws 3, horns 2, fast metabolism
3, frail 1, gourmand, regeneration 1, weak 1, AC +7
a: no special abilities


You were on level 4 of the Dungeon.
You were very full.

You visited 1 branch of the dungeon, and saw 4 of its levels.

You collected 252 gold pieces.

Inventory:

Hand Weapons
 a - a +0 mace of chaos
Missiles
 b - 739 stones (quivered)
Armour
 n - a +1 hat (worn)
Jewellery
 p - an uncursed ring of positive energy {unknown}
Scrolls
 c - 9 scrolls of identify {unknown}
 f - a scroll of magic mapping {unknown}
 h - a scroll of blinking {unknown}
 k - a scroll of fog {unknown}
 m - 3 scrolls of teleportation {unknown}
 o - a scroll of enchant weapon {unknown}
Potions
 g - 3 potions of curing {unknown}
 i - 2 potions of brilliance {unknown}
 j - a potion of flight {unknown}
 l - 2 potions of heal wounds {unknown}
 q - a potion of invisibility {unknown}
Comestibles
 d - 5 chunks of flesh
 e - 11 rations {!d}


   Skills:
 + Level 5.3 Fighting
 - Level 3.0 Maces & Flails
 * Level 2.2 Throwing
 - Level 1.9 Dodging
 * Level 4.6 Unarmed Combat


You had 6 spell levels left.
You didn't know any spells.
Your spell library was empty.

Dungeon Overview and Level Annotations

Branches:
Dungeon (4/12)
 Temple: D:4-7

Altars:


Innate Abilities, Weirdness & Mutations

You cannot wear most types of armour.
Your thick skin is tough. (AC +7)
You are too large for most types of armour.
You have claws for hands.
Your metabolism is lightning-fast.
You like to eat raw meat.
Your natural rate of healing is unusually fast.
You have a pair of horns on your head.
You are frail. (-10% HP)
You are weak. (Str -2)


Message History

The hellwing is heavily wounded.
The hellwing hits you. The hellwing closely misses you.
You scratch the hellwing.
The hellwing is heavily wounded.
The hellwing hits you!
The hellwing hits you but does no damage.
You barely miss the hellwing. Your headbutt misses the hellwing.
The hellwing is heavily wounded.
The hellwing closely misses you. The hellwing hits you!
You closely miss the hellwing. Your headbutt misses the hellwing.
The hellwing is moderately wounded.
The hellwing misses you. The hellwing closely misses you.
You scratch the hellwing.
The hellwing is heavily wounded.
The hellwing hits you! The hellwing closely misses you.
You are too injured to fight recklessly!
You are too injured to fight recklessly!
You are too injured to fight recklessly!
You are too injured to fight recklessly!
You barely miss the hellwing. Your headbutt misses the hellwing.
The hellwing is heavily wounded.
The hellwing hits you. The hellwing barely misses you.
You scratch the hellwing. Your headbutt misses the hellwing.
The hellwing is heavily wounded.
The hellwing hits you. x2
Wield which item (- for none, * to show all)? (? for menu, Esc to quit)
Your +0 mace of chaos is briefly surrounded by a scintillating aura of random colours.
a - a +0 mace of chaos (weapon)
You sock the hellwing!
The hellwing is moving more slowly.
You headbutt the hellwing.
The hellwing is severely wounded.
The hellwing closely misses you.
The hellwing hits you but does no damage. x2
The hellwing barely misses you.
You hit the hellwing but do no damage.
You headbutt the hellwing, but do no damage.
The hellwing is severely wounded.
The hellwing hits you but does no damage.
The hellwing barely misses you.
You hit the hellwing but do no damage.
The hellwing seems to speed up.
The hellwing is heavily wounded.
The hellwing stops moving altogether!
The helpless hellwing fails to defend itself.
You hit the hellwing but do no damage.
Distant voices call out to the hellwing!
You headbutt the hellwing, but do no damage.
The hellwing is heavily wounded.
Wield which item (- for none, * to show all)? (? for menu, Esc to quit)
You are now empty-clawed.
The helpless hellwing fails to defend itself.
You scratch the hellwing but do no damage.
The hellwing is heavily wounded.
The helpless hellwing fails to defend itself.
You claw the hellwing!
You headbutt the hellwing, but do no damage.
The hellwing is heavily wounded.
The helpless hellwing fails to defend itself.
You scratch the hellwing but do no damage.
The hellwing is heavily wounded.
The helpless hellwing fails to defend itself.
You scratch the hellwing but do no damage.
You headbutt the hellwing.
The hellwing is severely wounded.
The helpless hellwing fails to defend itself.
You scratch the hellwing but do no damage.
The hellwing is severely wounded.
The helpless hellwing fails to defend itself.
You scratch the hellwing but do no damage.
You headbutt the hellwing.
The hellwing is severely wounded.
The helpless hellwing fails to defend itself.
You claw the hellwing!
You headbutt the hellwing, but do no damage.
The hellwing is severely wounded.
The helpless hellwing fails to defend itself.
You scratch the hellwing but do no damage.
The hellwing is severely wounded.
The hellwing is no longer petrified.
The hellwing hits you. x2
You scratch the hellwing.
The hellwing is severely wounded.
The hellwing hits you but does no damage. x2
The hellwing hits you. x2
* * * LOW HITPOINT WARNING * * *
You scratch the hellwing.
The hellwing is almost dead.
The hellwing hits you!
* * * LOW HITPOINT WARNING * * *
The hellwing closely misses you.
You scratch the hellwing but do no damage.
The hellwing is severely wounded.
The hellwing hits you.
* * * LOW HITPOINT WARNING * * *
The hellwing barely misses you.
You completely miss the hellwing.
The hellwing is severely wounded.
The hellwing hits you.
* * * LOW HITPOINT WARNING * * *
The hellwing hits you.
You die... "It was about time."

#####.......# ##..##........
....+.......# #.............
#####.......# #.............
............+ #.......#+###.
###.#.......# #.......# ##
#####.......########.......#
#
..........<............#+###
.. ###############........#
#.. ........@4.....# #..
.....#.........# # ....
#.....!...# ... #.........#
.. #.........# . #..........
#.......... ...##......


You could see a hellwing.

Vanquished Creatures
  Grinder (D:3)
  2 ogres
  A phantom (D:3)
  A crimson imp (D:4)
  2 worker ants (D:4)
  Robin (D:3)
  2 adders (D:4)
  3 worms
  3 dart slugs
  4 leopard geckos
  3 orcs (D:4)
  2 giant cockroaches (D:2)
  19 goblins
  6 hobgoblins
  5 kobolds
  4 quokkas
  A ball python (D:1)
  7 bats
  6 frilled lizards
  7 rats
80 creatures vanquished.

Notes
Turn   | Place    | Note
-------+----------+-------------------------------------------
     0 | D:1      | MisterOstroum the Troll Chaos Knight began the quest for
                  | the Orb.
     0 | D:1      | Reached XP level 1. HP: 22/22 MP: 0/0
     0 | D:1      | Fell from the grace of Xom
    29 | D:1      | Reached skill level 1 in Unarmed Combat
    87 | D:1      | Reached XP level 2. HP: 29/29 MP: 1/1
    95 | D:1      | XOM: torment (16/29 hp)
   234 | D:1      | XOM: summons 1 hostile shadow creature
   576 | D:1      | Reached skill level 3 in Fighting
   587 | D:1      | Reached XP level 3. HP: 23/37 MP: 2/2
   711 | D:1      | XOM: give mutations
   711 | D:1      | Gained mutation: You have a pair of small horns on your
                  | head. [Xom's mischief]
   711 | D:1      | Gained mutation: You evolve. [Xom's mischief]
   711 | D:1      | Gained mutation: You have a pair of horns on your head.
                  | [Xom's mischief]
   711 | D:1      | Gained mutation: You are weak. (Str -2) [Xom's mischief]
   765 | D:1      | XOM: give mutation
   765 | D:1      | Gained mutation: You are frail. (-10% HP) [Xom's mischief]
  2065 | D:3      | Gained mutation: Your natural rate of healing is unusually
                  | fast. [Troll growth]
  2065 | D:3      | Reached XP level 4. HP: 39/40 MP: 3/3
  2074 | D:3      | Noticed Robin
  2082 | D:3      | Killed Robin
  2117 | D:3      | Noticed a phantom
  2126 | D:3      | Killed a phantom
  2126 | D:3      | Reached skill level 4 in Fighting
  2126 | D:3      | Reached XP level 5. HP: 37/48 MP: 4/4
  2245 | D:3      | Noticed Grinder
  2266 | D:3      | Killed Grinder
  2266 | D:3      | Reached skill level 5 in Fighting
  2266 | D:3      | Reached XP level 6. HP: 39/59 MP: 5/5
  2282 | D:3      | Gained mutation: You rapidly evolve. [evolution]
  2675 | D:3      | Reached skill level 1 in Throwing
  2706 | D:4      | Reached XP level 7. HP: 58/64 MP: 6/6
  2844 | D:4      | Lost mutation: You rapidly evolve. [evolution]
  2844 | D:4      | Lost mutation: You evolve. [end of evolution]
  3006 | D:4      | XOM: summons 1 hostile demon
  3007 | D:4      | Noticed a hellwing
  3034 | D:4      | Slain by a hellwing

Skill      XL: |  1  2  3  4  5  6  7 |
---------------+----------------------+-----
Unarmed Combat | 1 2 3 4 |  4.6
Fighting       | 3 4 5 |  5.3
Throwing       | 1 2 |  2.2
Maces & Flails | |  3.0
Dodging        | |  1.9

Action                   |  1- 3 |  4- 6 |  7- 9 || total
-------------------------+-------+-------+-------++-------
Melee: Mace              |    10 |       |     4 ||    14
       Unarmed           |   146 |    64 |    33 ||   243
       Headbutt          |     6 |    11 |    10 ||    27
       Punch             |       |     1 |     2 ||     3
Throw: Stone             |   164 |    30 |    20 ||   214
Invok: Renounce Religion |     1 |       |       ||     1
 Stab: Petrified         |       |       |     9 ||     9
  Eat: Chunk             |    17 |     5 |     2 ||    24
Armor: Skin              |    61 |    18 |    11 ||    90
Dodge: Dodged            |    70 |    30 |    15 ||   115
